cohdb
Replays
Latest Replays
All Replays
Popular Replays
Top Player Replays
Match Explorer
How It Works
Community
CoH3 Stats
Reddit
Sign in to upload your games and track your stats! →
Sign in with Steam
Match 44397936
Unlisted
Match 44397936
Overview
Messages
Build Orders
End
Kradschützen Motorcycle Team
Panzergrenadier Squad
Panzergrenadier Squad
Construct Light Support Kompanie
MG34 Team
2.5-tonne Medical Truck
Panzerjäger Mechanized Group
Selects Panzerjäger Kommand Battlegroup
Selects Mine Fields
Selects Tank Busters
Fire Support Elements
Panzergrenadier Squad
Veteran Squad Leaders
2.5-tonne Medical Truck
Pak 38 Mechanized Group
Selects Crew Shock Tactics
Selects Anti-tank Overwatch
Construct Panzerarmee Kommand
Panzer III L Medium Tank
Selects Defensive Positions
Selects Butterfly Bomb Drop
Vehicle Survival Package
2.5-tonne Medical Truck
Panzerpioneer Squad
Armored Reserves
Construct Light Support Kompanie
Anti-tank Overwatch
Butterfly Bomb Drop
Tiger Heavy Tank
Tungsten Core Ammunition
Anti-tank Overwatch
Panzerpioneer Squad
2.5-tonne Medical Truck
Butterfly Bomb Drop
Anti-tank Overwatch
Panzer IV Assault Group
Anti-tank Overwatch
Gwangju's Hero Chun Doo-gwang
Rambo Bine
李小凡
Tiger Mafia
0
0
Comments
sign in to comment!
No comments posted yet!